Map: Dreamcatcher LE

Players

LiquidMaNa (MaNa)

  • Race: Protoss Protoss
  • League: Grandmaster
  • Spawn Location: 11:00

Solar - Winner!

  • Race: Zerg Zerg
  • Spawn Location: 5:00

Event: HomeStory Cup XVII

VOD

Have the link to the VOD?

Description

Time

  • Played on: June 28, 2018, 4 p.m.
  • Length: 8:05

All games in this series

Show
View Real Time Build Order
Export as new Build Order

LiquidMaNa Protoss 

Build Orders: 1 Gate Expand, Zealot Archon, Archon Drop 

Get SALT Encoding   

  12  0:00  Probe  
  13  0:12  Probe  
  14  0:17  Pylon  
  14  0:24  Probe  
  15  0:32  Probe  
  15  0:37  Assimilator  
  15  0:40  Probe  
  16  0:48  Gateway  
  17  0:51  Probe  
  18  0:59  Probe  
  19  1:07  Probe  
  20  1:25  Nexus  
  20  1:35  Cybernetics Core  
  20  1:39  Probe  
  21  1:46  Assimilator  
  21  1:51  Probe  
  22  1:55  Pylon  
  22  2:03  Probe, Stalker  
  23  2:12  Warp Gate  
  25  2:16  Probe  
  26  2:28  Probe  
  27  2:31  Twilight Council  
  27  2:33  Adept  
  27  2:35  Probe  
  29  2:40  Probe  
  29  2:43  Probe  
  32  2:52  Probe  
  32  2:53  Probe  
  34  3:04  Resonating Glaives  
  34  3:05  Gateway  
  34  3:08  Gateway, Probe  
  34  3:09  Probe  
  35  3:18  Adept  
  37  3:21  Probe  
  37  3:23  Probe  
  39  3:28  Pylon  
  39  3:33  Probe  
  40  3:36  Probe  
  40  3:45  Probe  
  40  3:48  Probe  
  40  3:53  Pylon  
  41  3:59  Probe  
  41  4:00  Probe  
  43  4:07  Assimilator  
  43  4:09  Assimilator  
  43  4:15  Adept x3  
  49  4:18  Probe, Robotics Facility  
  49  4:19  Probe  
  51  4:26  Probe  
  51  4:27  Probe  
  53  4:31  Pylon  
  53  4:38  Adept x3  
  57  4:44  Gateway  
  59  4:52  Templar Archives  
  59  4:53  Probe  
  59  4:54  Probe, Warp Prism  
  63  5:12  Probe x2  
  65  5:16  Pylon  
  65  5:23  Nexus  
  65  5:28  High Templar  
  65  5:29  High Templar  
  65  5:33  Archon  
  65  5:34  Probe x2  
  71  5:37  Observer  
  71  5:38  High Templar  
  71  5:39  High Templar, Shield Battery  
  75  5:42  Archon  
  75  5:47  Gateway  
  74  6:01  Adept  
  64  6:04  Charge  
  61  6:13  Gateway, Probe  
  61  6:14  Warp Prism  
  61  6:18  Gateway  
  60  6:20  Gateway  
  60  6:25  Pylon  
  62  6:26  Pylon  
  62  6:27  Pylon  
  62  6:30  Nexus  
  62  6:32  Pylon  
  62  6:52  High Templar x3  
  62  6:53  High Templar, Zealot  
  72  6:58  Archon x2  
  72  6:59  Pylon  
  72  7:09  Shield Battery  
  72  7:15  High Templar x2, Zealot  
  78  7:18  Gateway x2  
  78  7:20  Zealot  
  78  7:21  Archon  
  80  7:25  Zealot x3  
  86  7:32  Zealot  
  86  7:34  Pylon  
  86  7:36  Pylon  
  88  7:50  Zealot x6  
Show
View Real Time Build Order
Export as new Build Order

Solar Zerg - Winner!

Build Orders: Hatch First 

Get SALT Encoding   

  12  0:01  Drone  
  13  0:12  Overlord  
  13  0:17  Drone  
  14  0:30  Drone x2  
  16  0:48  Hatchery  
  15  0:51  Drone  
  15  0:54  Drone  
  17  0:57  Drone  
  18  1:06  Extractor  
  17  1:15  Spawning Pool  
  17  1:18  Drone  
  17  1:21  Drone  
  18  1:27  Drone  
  19  1:41  Drone  
  20  1:51  Hatchery  
  19  1:55  Drone  
  20  2:04  Queen  
  22  2:10  Metabolic Boost  
  22  2:13  Drone  
  23  2:20  Drone  
  23  2:21  Drone  
  25  2:24  Overlord  
  25  2:27  Drone  
  26  2:35  Queen  
  28  2:43  Zergling x4  
  30  2:44  Drone  
  30  2:47  Drone x2  
  33  2:55  Drone x2  
  35  3:02  Queen  
  37  3:07  Drone  
  37  3:08  Overlord  
  37  3:12  Drone  
  39  3:14  Drone x3  
  42  3:22  Spore Crawler, Drone  
  42  3:26  Overlord  
  42  3:28  Drone x3  
  44  3:38  Zergling x6  
  44  3:40  Zergling x2  
  48  3:44  Zergling x2  
  48  3:45  Zergling x4  
  48  3:46  Overlord  
  52  3:50  Evolution Chamber  
  52  3:51  Baneling Nest  
  52  3:55  Overlord  
  50  3:57  Overlord  
  50  4:03  Overlord  
  50  4:04  Queen  
  50  4:06  Drone x2  
  50  4:07  Drone  
  54  4:12  Drone  
  54  4:13  Drone  
  56  4:19  Zerg Melee Weapons Level 1  
  56  4:20  Drone  
  56  4:22  Drone x2  
  56  4:23  Zergling x8  
  63  4:29  Zergling x8  
  63  4:31  Zergling x2  
  68  4:32  Zergling x2  
  69  4:39  Baneling x3  
  69  4:42  Queen, Extractor  
  69  4:44  Overlord  
  70  4:47  Drone x2  
  70  4:49  Drone x3  
  70  4:50  Drone  
  70  4:51  Baneling x2  
  70  4:52  Drone  
  76  4:56  Zergling x6  
  76  4:57  Zergling x2  
  80  5:01  Zergling x4  
  80  5:04  Zergling x2  
  80  5:05  Overlord  
  83  5:07  Drone  
  83  5:08  Drone  
  85  5:15  Spore Crawler  
  85  5:17  Lair  
  85  5:18  Drone x3  
  86  5:23  Drone, Extractor  
  86  5:26  Zergling x10  
  86  5:27  Zergling x4  
  93  5:28  Zergling x2  
  93  5:31  Overlord  
  94  5:39  Spore Crawler, Baneling  
  94  5:40  Baneling x4  
  93  5:43  Zergling x6  
  93  5:46  Overlord  
  93  5:48  Spore Crawler, Queen  
  96  5:51  Zergling x8  
  95  5:58  Drone x2  
  95  5:59  Drone  
  95  6:00  Drone x2  
  95  6:01  Drone  
  95  6:02  Drone  
  98  6:07  Zergling x2, Extractor  
  98  6:10  Drone  
  98  6:11  Drone  
  95  6:16  Drone  
  95  6:17  Hydralisk Den  
  95  6:18  Extractor  
  91  6:19  Drone  
  91  6:23  Overseer  
  91  6:28  Drone x2  
  91  6:30  Spine Crawler  
  92  6:34  Overlord  
  92  6:39  Hatchery  
  91  6:43  Zergling x2  
  91  6:44  Zergling x14  
  91  6:45  Overlord  
  99  6:53  Hydralisk x4  
  106  6:57  Baneling x4  
  106  6:58  Overlord  
  106  7:04  Baneling x4  
  106  7:05  Zergling x10  
  111  7:08  Hydralisk  
  111  7:14  Hydralisk x3  
  111  7:15  Zergling x6  
  121  7:19  Overlord, Baneling x3  
  122  7:23  Hydralisk  
  122  7:25  Overlord  
  122  7:26  Hydralisk  
  125  7:34  Zergling x2  
  127  7:37  Hydralisk  
  127  7:38  Zergling x6  
  127  7:43  Zergling x10  
Tags
 
Add a new tag
Caveats
  • Supply blocks, unpowered buildings, or Contaminate may cause inaccurate times.
  • Supply counts are checked every 10 seconds.